 Dungeon Crawl Stone Soup version 0.27-a0-1513-g2aaa0cc67b (webtiles) character file.

Game seed: 6041841097452876202

188 apoch the Chopper (level 5, 0/47 HPs)
             Began as a Minotaur Fighter on July 9, 2021.
             Was a Believer of Makhleb.
             Killed by an exploding Menkaure (37 damage)
             ... ignited by their inner flame
             ... on level 4 of the Dungeon.
             The game lasted 00:05:57 (2802 turns).

apoch the Chopper (Minotaur Fighter)                Turns: 2802, Time: 00:05:57

Health: 0/47       AC:  7    Str: 21    XL:     5   Next: 39%
Magic:  5/5        EV:  7    Int:  5    God:    Makhleb [**....]
Gold:   75         SH:  9    Dex: 10    Spells: 4/4 levels left

rFire    . . .     SeeInvis +   a - +0 war axe
rCold    . . .     Faith    .   c - +0 kite shield
rNeg     . . .     Spirit   .   b - +0 scale mail
rPois    .         Reflect  .   (helmet restricted)
rElec    .         Harm     .   (no cloak)
rCorr    .         Rampage  .   (no gloves)
Will     .....                  (no boots)
Stlth    ..........             (no amulet)
HPRegen  0.15/turn              f - ring of see invisible
MPRegen  0.09/turn              (no ring)

@: weak-willed
A: horns 2, retaliatory headbutt
a: Renounce Religion, Minor Destruction


You were on level 4 of the Dungeon.
You worshipped Makhleb.
Makhleb was pleased with you.
You visited 1 branch of the dungeon, and saw 4 of its levels.

You collected 75 gold pieces.

Inventory:

Hand Weapons
 a - a +0 war axe (weapon)
 e - a +0 whip
Missiles
 j - 39 stones (quivered)
 k - 11 boomerangs
 m - 52 poisoned darts
Armour
 b - a +0 scale mail (worn)
 c - a +0 kite shield (worn)
Jewellery
 f - a ring of see invisible (left hand)
 o - an amulet of guardian spirit
Wands
 r - a wand of polymorph (9)
Scrolls
 q - 2 scrolls of vulnerability
Potions
 d - 2 potions of might
 h - a potion of degeneration
 n - a potion of curing {unknown}


   Skills:
 + Level 4.7 Fighting
 * Level 4.8 Axes
 + Level 4.6 Armour
 - Level 3.6 Shields
 + Level 1.6 Invocations


You had 4 spell levels left.
You didn't know any spells.
Your spell library was empty.

Dungeon Overview and Level Annotations

Branches:
Dungeon (4/15)
 Temple: D:4-7

Altars:
Makhleb

Shops:
D:2 [=*[


Innate Abilities, Weirdness & Mutations

You have a pair of horns on your head.
You reflexively headbutt those who attack you in melee.


Message History

Makhleb accepts your kill.
No target in view!
j - 39 stones (gained 1) Done exploring.
Done exploring.
(D) Dungeon
Where to? (Enter - D:3, ? - help)
What level of the Dungeon? (default 1, ? - help)
There is a stone staircase leading down here.
You climb downwards.
You hear the hiss of flowing sand.
There is an entrance to an ossuary on this level.
Hurry and find it before the portal is buried!
Menkaure, Prince of Dust comes into view.
Found a book of Displacement.
There is a stone staircase leading up here.
As you read the scroll labelled ETTODO TOABA, it crumbles to dust.
The creatures around you are filled with an inner flame!
It was a scroll of immolation.
As you read the scroll labelled NIASOF LOXU, it crumbles to dust.
You assume a fearsome visage.
Menkaure is unaffected.
It was a scroll of fear.
Unknown command.
As you read the scroll labelled WULAET GIMNIN, it crumbles to dust.
It is a scroll of identify.
h - a potion of degeneration
As you read the scroll labelled LUPEQO QASHE, it crumbles to dust.
It is a scroll of amnesia.
You feel forgetful for a moment.
Menkaure casts a spell.
Menkaure seems to speed up.
As you read the scroll labelled SIVO WOITTE, it crumbles to dust.
Magic quickly surges around you.
It was a scroll of vulnerability.
You slash Menkaure!
Flame seeps out of Menkaure.
Your headbutt misses Menkaure.
Menkaure is moderately damaged.
Menkaure is engulfed in blazing flames.
Flame seeps out of Menkaure.
Menkaure hits you!
Menkaure is engulfed in blazing flames.
Makhleb accepts your kill.
Menkaure explodes!
The fiery explosion engulfs you!!!
Ouch! That really hurt!
You die...

. . ##. ..
##.. ...
##..##
#...#....#
#....... .
#.§§§###...:
#○@......#
#§§....###
#...####
...## #..##
##. ##


There were no monsters in sight!

Vanquished Creatures
  Menkaure (D:4)
  A centaur skeleton (D:3)
  Jessica (D:2)
  2 orc wizards (D:3)
  An adder (D:2)
  2 worms
  10 orcs (D:3)
  7 endoplasms
  2 giant cockroaches
  7 goblins
  7 hobgoblins
  3 jackals (D:1)
  4 quokkas
  7 ball pythons
  4 bats
  2 frilled lizards (D:2)
  7 kobolds
  2 rats (D:2)
70 creatures vanquished.

Vanquished Creatures (others)
  9 plants (D:1)
9 creatures vanquished.

Grand Total: 79 creatures vanquished

Notes
Turn   | Place    | Note
-------+----------+-------------------------------------------
     0 | D:1      | apoch the Minotaur Fighter began the quest for the Orb.
     0 | D:1      | Reached XP level 1. HP: 19/19 MP: 0/0
   227 | D:1      | Reached XP level 2. HP: 12/27 MP: 1/1
   523 | D:1      | Found a faded altar of an unknown god.
   642 | D:1      | Became a worshipper of Makhleb the Destroyer
   642 | D:1      | Reached * piety under Makhleb
   698 | D:1      | Reached XP level 3. HP: 33/33 MP: 2/2
  1292 | D:2      | Found Zyxeohonoe's Antique Armour Shop.
  1323 | D:2      | Found Eddargh's Assorted Antiques.
  1413 | D:2      | Found Assaet's Armour Boutique.
  1665 | D:2      | Noticed Jessica
  1667 | D:2      | Killed Jessica
  1668 | D:2      | Reached XP level 4. HP: 41/41 MP: 3/3
  1719 | D:2      | Found Fuda Woes's Jewellery Boutique.
  2066 | D:3      | Reached skill level 1 in Invocations
  2133 | D:3      | Reached ** piety under Makhleb
  2198 | D:3      | Reached XP level 5. HP: 38/47 MP: 3/5
  2796 | D:4      | Noticed Menkaure
  2802 | D:4      | Killed Menkaure
  2802 | D:4      | Killed by an exploding Menkaure... ignited by their inner
                  | flame

Illustrated notes

Levels and vault maps discovered:
D:1:      mushboom_english_gardens, layout_loops_cross,
          shapermc_ecumenical_altar_starsandcircs, serial_bayou_lake_a
D:2:      layout_basic, serial_shops, shop, nicolae_shop_behind_doors,
          nicolae_shop_temple_entry_statues_fountains, shop_fountains,
          uniq_jessica
D:3:      layout_rooms, grunt_ministairs_1, minmay_crystal_room, st_stairs_14
D:4:      layout_cave_pools, temple_statues, nicolae_ossuary_entry_giza,
          minmay_stone_trees_small, uniq_pikel, uniq_menkaure, uniq_duvessa

Skill      XL: |  1  2  3  4 |
---------------+-------------+-----
Axes           | 3 4 |  4.8
Fighting       | 4 |  4.7
Armour         | 4 |  4.6
Invocations    | 1 |  1.6
Shields        | |  3.6

Action                   |  1- 3 |  4- 6 || total
-------------------------+-------+-------++-------
Melee: War axe           |    91 |    64 ||   155
       Headbutt          |    10 |    12 ||    22
Throw: Stone             |    42 |    51 ||    93
  Use: Scroll            |       |     5 ||     5
Armor: Scale mail        |    36 |    34 ||    70
Dodge: Dodged            |    23 |    27 ||    50
Block: Kite shield       |    49 |    34 ||    83

Table legend: (Time is in decaauts)
 A = Elapsed time spent in this place.
 B = Non-inter-level travel time spent in this place.
 C = Inter-level travel time spent in this place.
 D = Time resting spent in this place.
 E = Time spent auto-exploring this place.
 F = Levels seen in this place.
 G = Mean time per level.
                   A        B        C        D        E       F      G
               +--------+--------+--------+--------+--------+-----+--------+
         Total |   2943 |   2840 |    103 |    359 |   1942 |   4 |  735.8 |
       Dungeon |   2943 |   2840 |    103 |    359 |   1942 |   4 |  735.8 |
               +--------+--------+--------+--------+--------+-----+--------+

Top non-repeatable levels by time:
     D:2: 1101 daAuts
     D:1: 1058 daAuts
     D:3: 776 daAuts
     D:4: 5 daAuts
